Map: Dasan Station LE

Players

Dimmer

  • Race: Protoss Protoss
  • League: Silver

Gracz - Winner!

  • Race: Protoss Protoss
  • League: Silver

VOD

Have the link to the VOD?

Description

Time

  • Played on: Oct. 14, 2016, 11:08 a.m.
  • Length: 9:30
Show
View Real Time Build Order
Export as new Build Order

Dimmer Protoss 

Build Orders:  

Get SALT Encoding   

  12  0:03  Probe (Chrono Boost)  
  13  0:25  Pylon  
  13  0:47  Forge  
  12  0:59  Gateway  
  12  1:00  Probe (Chrono Boost)  
  13  1:07  Assimilator  
  13  1:11  Probe (Chrono Boost)  
  14  1:18  Pylon  
  14  1:30  Photon Cannon  
  14  1:38  Photon Cannon  
  14  1:49  Probe (Chrono Boost)  
  15  2:00  Probe (Chrono Boost)  
  16  2:06  Cybernetics Core  
  16  2:10  Probe (Chrono Boost)  
  17  2:21  Probe (Chrono Boost)  
  18  2:31  Probe (Chrono Boost)  
  19  2:42  Probe (Chrono Boost)  
  20  2:50  Assimilator  
  20  2:52  Probe (Chrono Boost)  
  21  3:03  Stargate  
  21  3:25  Photon Cannon  
  21  3:27  Photon Cannon  
  21  3:43  Void Ray  
  25  4:19  Pylon  
  25  4:24  Pylon  
  25  4:26  Void Ray  
  29  4:47  Stargate  
  29  5:17  Void Ray  
  33  5:32  Void Ray  
  37  6:38  Void Ray  
  37  6:41  Void Ray  
  37  6:43  Protoss Air Weapons Level 1  
Show
View Real Time Build Order
Export as new Build Order

Gracz Protoss - Winner!

Build Orders:  

Get SALT Encoding   

  12  0:02  Probe (Chrono Boost)  
  13  0:15  Pylon  
  13  0:19  Probe (Chrono Boost)  
  14  0:25  Assimilator  
  14  0:33  Probe (Chrono Boost)  
  15  0:50  Probe (Chrono Boost)  
  15  0:56  Gateway  
  16  1:00  Probe (Chrono Boost)  
  17  1:10  Pylon  
  18  1:11  Probe (Chrono Boost)  
  18  1:25  Gateway  
  18  1:30  Probe (Chrono Boost)  
  19  1:38  Gateway  
  19  1:53  Gateway  
  19  2:02  Cybernetics Core  
  19  2:04  Assimilator  
  19  2:05  Probe (Chrono Boost)  
  20  2:20  Probe (Chrono Boost)  
  21  2:24  Warp Gate  
  21  2:30  Probe (Chrono Boost)  
  22  2:42  Adept x4  
  30  3:01  Robotics Facility  
  31  3:20  Probe (Chrono Boost)  
  31  3:27  Nexus  
  31  3:53  Robotics Facility  
  31  3:58  Robotics Facility  
  31  4:04  Twilight Council  
  23  4:30  Pylon  
  23  4:33  Pylon  
  23  4:37  Pylon  
  23  4:40  Blink  
  23  4:42  Pylon  
  23  4:48  Warp Prism  
  25  5:04  Warp Prism  
  27  5:10  Probe (Chrono Boost)  
  28  5:29  Immortal  
  28  5:34  Immortal  
  36  5:52  Probe (Chrono Boost)  
  36  5:53  Probe (Chrono Boost)  
  38  6:04  Immortal  
  43  6:05  Probe (Chrono Boost)  
  43  6:13  Immortal  
  47  6:27  Observer  
  47  6:28  Stalker  
  50  7:31  Stalker  
  50  7:33  Stalker  
  50  7:34  Stalker x2  
  44  7:58  Stalker  
  41  7:59  Stalker x3  
  37  8:26  Nexus  
  37  8:33  Nexus  
  34  8:36  Pylon  
  34  8:41  Pylon  
Tags
 
Add a new tag
Caveats
  • Supply blocks, unpowered buildings, or Contaminate may cause inaccurate times.
  • Supply counts are checked every 10 seconds.